 Dungeon Crawl Stone Soup version 0.26.0-45-g9c1d065592 (webtiles) character file.

Game seed: 8500540584832462286

368112 runemasterragnar the Alchemist (level 21, -4/276 HPs)
             Began as a Troll Delver on Jan 30, 2021.
             Was the Champion of Vehumet.
             Slain by an ettin
             ... wielding a +0 dire flail
              (24 damage)
             ... on level 4 of the Vaults on Feb 1, 2021.
             The game lasted 02:42:04 (53990 turns).

runemasterragnar the Alchemist (Troll Delver)      Turns: 53990, Time: 02:42:05

Health: -4/276     AC: 35    Str: 24    XL:     21   Next: 94%
Magic:  31/31      EV: 13    Int: 15    God:    Vehumet [******]
Gold:   5506       SH: 12    Dex:  8    Spells: 5/35 levels left

rFire    . . .     SeeInvis +     - Unarmed
rCold    + + +     Faith    .   i - +1 kite shield
rNeg     + + .     Spirit   .   (armour currently unavailable)
rPois    ∞         Reflect  .   j - +3 crown of Dyrovepreva {rElec Int+2 SInv}
rElec    +         Harm     .   H - +2 cloak {rCorr}
rCorr    +         Rampage  .   (gloves unavailable)
Will     ++...                  (boots unavailable)
Stlth    +++.......             Q - amulet of magic regeneration
HPRegen  0.96/turn              C - ring of Enneoqizi {rC+++ rN+ Will+ Dex-3 Stlth+}
MPRegen  0.47/turn              Z - +4 ring of protection

@: about to teleport, statue-form, marked, very slow
A: large, unfitting armour, claws 3, regeneration 1, electricity resistance,
weak 1
}: 1/15 runes: decaying
a: End Transformation, Renounce Religion


You were on level 4 of the Vaults.
You worshipped Vehumet.
Vehumet was exalted by your worship.
You were a stone statue.
You visited 9 branches of the dungeon, and saw 41 of its levels.
You visited the Abyss 1 time.
You visited 2 bazaars.
You also visited: Gauntlet, Ice Cave and Volcano.

You collected 8721 gold pieces.
You spent 3215 gold pieces at shops.

Inventory:

Missiles
 t - 89 poisoned darts
 v - 2 silver javelins
 A - 14 javelins
 U - 44 large rocks (quivered)
Armour
 c - a +2 cloak of fire resistance
 i - a +1 kite shield (worn)
 j - the +3 crown of Dyrovepreva (worn) {rElec Int+2 SInv}
   (You found it in a Gauntlet)

   It affects your intelligence (+2).
   It insulates you from electricity.
   It lets you see invisible.
 H - a +2 cloak of preservation (worn)
 S - a +2 robe of cold resistance (melded)
Jewellery
 h - an uncursed ring of stealth
 u - the ring "Vats" {+Fly rPois, unknown}
   (You found it on level 4 of the Vaults)

   [ring of poison resistance]

   It protects you from poison.
   It lets you fly.
 C - the ring of Enneoqizi (left claw) {rC+++ rN+ Will+ Dex-3 Stlth+}
   (You bought it in a shop on level 1 of the Depths)

   [ring of willpower]

   It affects your dexterity (-3).
   It renders you almost immune to cold.
   It protects you from negative energy.
   It affects your willpower, your defense against some magical effects.
   It makes you more stealthy.
 M - an uncursed ring of protection from fire
 P - an uncursed ring of positive energy
 Q - an amulet of magic regeneration (around neck)
 R - an uncursed ring of stealth
 V - an uncursed ring of wizardry {unknown}
 Z - a +4 ring of protection (right claw)
Wands
 a - a wand of disintegration (31)
 k - a wand of paralysis (11)
 x - a wand of polymorph (23)
 G - a wand of flame (42)
 I - a wand of digging (11)
 W - a wand of iceblast (14)
Scrolls
 b - 2 scrolls of fog
 e - 3 scrolls of amnesia
 m - 3 scrolls of teleportation
 p - a scroll of enchant armour
 r - 18 scrolls of remove curse
 w - 2 scrolls of silence
 D - 7 scrolls of identify
 E - a scroll of enchant weapon
 N - 6 scrolls of magic mapping
Potions
 d - 2 potions of ambrosia
 f - 3 potions of haste
 g - 11 potions of curing
 l - 5 potions of might
 n - 8 potions of flight
 o - 3 potions of magic
 z - 4 potions of resistance
 B - 3 potions of heal wounds
 F - 4 potions of invisibility
 J - 2 potions of lignification
 K - 2 potions of cancellation
 T - 2 potions of brilliance
 Y - a potion of mutation
Miscellaneous
 s - a tin of tremorstones (inert)
 O - a phantom mirror


   Skills:
 + Level 13.9 Fighting
 + Level 9.2 Dodging
 - Level 3.0 Stealth
 + Level 8.6 Shields
 + Level 10.9 Unarmed Combat
 - Level 7.6 Spellcasting
 - Level 13.3 Necromancy
 - Level 18.0 Transmutations
 - Level 11.4 Earth Magic


You had 5 spell levels left.
You knew the following spells:

 Your Spells              Type           Power        Failure   Level
a - Pain                  Necr           100%         1%          1
b - Animate Skeleton      Necr           90%          1%          1
c - Statue Form           Tmut/Erth      32%          4%          6
d - Foxfire               Conj/Fire      20%          3%          1
e - Lee's Rapid Deconstr  Erth           20%          1%          5
f - Animate Dead          Necr           22%          1%          4
g - Dragon Form           Tmut           28%          7%          7
h - Dispel Undead         Necr           45%          1%          4
i - Apportation           Tloc           10%          13%         1

Your spell library contained the following spells:

 Spells                   Type           Power        Failure   Level
 Ignition                 Fire           2%           100%        8
 Lehudib's Crystal Spear  Conj/Erth      11%          100%        8
 Shatter                  Erth           20%          100%        9
 Corpse Rot               Necr/Air       N/A          1%          2
 Passwall                 Tmut/Erth      40%          1%          2
 Sublimation of Blood     Necr           22%          1%          2
 Stone Arrow              Conj/Erth      44%          1%          3
 Vampiric Draining        Necr           22%          1%          3
 Agony                    Necr           45%          1%          5
 Excruciating Wounds      Necr           22%          1%          5
 Irradiate                Conj/Tmut      16%          2%          5
 Shock                    Conj/Air       20%          3%          1
 Alistair's Intoxication  Tmut/Pois      21%          9%          5
 Conjure Flame            Conj/Fire      5%           11%         3
 Dazzling Flash           Conj/Hex       10%          11%         3
 Inner Flame              Hex/Fire       5%           11%         3
 Mephitic Cloud           Conj/Pois/Air  5%           11%         3
 Static Discharge         Conj/Air       5%           11%         3
 Corona                   Hex            5%           13%         1
 Summon Small Mammal      Summ           20%          13%         1
 Leda's Liquefaction      Hex/Erth       11%          13%         4
 Ensorcelled Hibernation  Hex/Ice        10%          21%         2
 Poisonous Vapours        Pois/Air       10%          21%         2
 Slow                     Hex            5%           21%         2
 Swiftness                Air            5%           21%         2
 Bolt of Magma            Conj/Fire/Erth 8%           21%         5
 Airstrike                Air            2%           32%         4
 Sticky Flame             Conj/Fire      5%           32%         4
 Confusing Touch          Hex            5%           36%         3
 Gell's Gravitas          Tloc           2%           36%         3
 Lesser Beckoning         Tloc           2%           36%         3
 Portal Projectile        Hex/Tloc       10%          36%         3
 Tukima's Dance           Hex            5%           36%         3
 Fireball                 Conj/Fire      2%           63%         5
 Iskenderun's Battlesphe  Conj           5%           63%         5
 Lightning Bolt           Conj/Air       2%           63%         5
 Cause Fear               Hex            2%           78%         4
 Passage of Golubria      Tloc           N/A          78%         4
 Summon Forest            Summ/Tloc      2%           98%         5
 Hydra Form               Tmut           28%          1%          6
 Eringya's Noxious Bog    Tmut/Pois      16%          13%         6
 Iron Shot                Conj/Erth      11%          43%         6
 Freezing Cloud           Conj/Ice/Air   2%           99%         6
 Dispersal                Tloc           2%           100%        6
 Invisibility             Hex            5%           100%        6
 Orb of Destruction       Conj           2%           100%        7
 Spellforged Servitor     Conj/Summ      2%           100%        7
 Summon Hydra             Summ           2%           100%        7
 Disjunction              Tloc           2%           100%        8


Dungeon Overview and Level Annotations

Branches:
Dungeon (15/15)            Temple (1/1) D:6            Lair (6/6) D:9
  Swamp (4/4) Lair:3        Snake (4/4) Lair:2        Slime (0/5) Lair:5
    Orc (2/2) D:9             Elf (3/3) Orc:2        Vaults (4/5) D:14
  Crypt (0/3) Vaults:3     Depths (2/5) D:15          IceCv (visited)
Volcano (visited)         Gauntlet (visited)

Altars:
Ashenzari
Dithmenos
Elyvilon
Fedhas
Hepliaklqana
Kikubaaqudgha
Makhleb
Nemelex Xobeh
Okawaru
Qazlal
Sif Muna
Trog
Uskayaw
Vehumet
Wu Jian
Yredelemnul
Zin
Beogh

Shops:
Orc:2 }:!(!   Elf:1 *   Elf:2 :(   Vaults:1 :*[=   Vaults:2 ([   Vaults:3 (
Depths:1 =}=

Portals:
Hell: Depths:1 Depths:2
Ziggurat: Depths:2
Trove: Vaults:2 (give +4 storm dragon scales)

Annotations:
D:5 3 runed translucent doors, lawman0's ghost, weakling OgDe
D:10 1 runed translucent door, Zeldest's ghost, novice MiFi
Snake:3 Vashnia
Vaults:3 3 runed translucent doors, Xafer's ghost, adept DsGl


Innate Abilities, Weirdness & Mutations

You are too large for most types of armour.
You have claws for hands.
Your natural rate of healing is unusually fast.
((You are covered in fur. (AC +1)))
((You have extremely tough skin. (AC +3)))
You are resistant to electric shocks. (rElec)
You are weak. (Str -2)


Message History

* * * LOW HITPOINT WARNING * * *
You block the deep troll's attack.
The deep troll claws you but does no damage.
You block the deep troll's attack.
The vault sentinel hits you with a +0 war axe!
* * * LOW HITPOINT WARNING * * *
The ettin hits you with a +0 dire flail!!
* * * LOW HITPOINT WARNING * * *
You block the ettin's attack.
Unknown command.
Unknown command.
You feel much better. The deep troll bites you!
* * * LOW HITPOINT WARNING * * *
The deep troll claws you but does no damage. x2
The vault sentinel blows a loud note on a signal horn!
You block the deep troll's attack.
The deep troll claws you but does no damage.
You block the deep troll's attack.
The ettin hits you with a +0 dire flail!!
You die...

#. ...#.. #c#.#....#
#.....#..#
##############..#....
#...........##.co.###.#
#...........##O(#T....#
#...........##..O.....#
#....)......###O#######
####).)........#8CT...#
...#.(.........#Tp....#
...)..(........+T.....#
.(.#############.....}#
...# #......# ...#
#......# ...# ##+#####
...# ...#


You could see an ettin, 2 two-headed ogres, 2 deep trolls, a vault sentinel
(catching breath), a deep troll shaman and a troll.

Vanquished Creatures
  Mara (Depths:1)
  Bai Suzhen (Swamp:3)
  Nikola (Snake:2)
  A bone dragon (Abyss:3)
  A lich (Vaults:3)
  Jorgrun (D:15)
  A deep elf blademaster (Elf:2)
  An Executioner (Abyss:3)
  A thorn hunter (Swamp:2)
  Roxanne (Swamp:1)
  4 frost giants
  2 storm dragons
  2 tengu reavers
  2 fire giants
  A deep elf sorcerer (Vaults:4)
  10 vault wardens
  2 orc warlords
  The ghost of Rexfelis the Severer, a journeyman MiBe of Trog (Lair:6)
  Aizul (Swamp:2)
  A juggernaut zombie (D:15)
  13 ironheart preservers
  A war gargoyle (Vaults:3)
  8 stone giants
  The ghost of MolotovDodgeball the Brawler, a journeyman TrBr of Ru (Lair:6)
  Nessos (D:15)
  A vampire knight (Vaults:3)
  The ghost of canine the Nimble, a journeyman GnWn of Hepliaklqana (Lair:6)
  2 bunyips
  A minotaur (Gauntlet)
  A lorocyproca (Abyss:3)
  2 spark wasps
  The ghost of Gutyqen the Carver, a journeyman TeMo of the Shining One (Lair:6)
  2 deep elf death magi
  A crystal guardian (Vaults:4)
  3 eleionomae
  An eidolon (Vaults:3)
  Josephine (D:11)
  2 fire dragons
  Fannar (D:11)
  4 ettins
  13 ogre magi
  Erolcha (D:11)
  2 rakshasas
  3 vault guards
  Harold (D:9)
  A great orb of eyes (Vaults:2)
  8 yaktaur captains
  3 ghost crabs
  4 ice dragons
  A hell beast (Depths:1)
  22 hydras
  43 two-headed ogres
  10 naga warriors
  Erica (D:8)
  11 anacondas
  5 centaur warriors
  A catoblepas (Lair:5)
  9 alligators
  4 death knights
  8 death yaks
  19 naga sharpshooters
  A titan zombie (Vaults:3)
  2 deep troll earth magi
  A vampire mage (D:15)
  4 deep troll shamans
  19 dancing weapons
  3 tengu warriors
  2 thrashing horrors (Abyss:3)
  An orc high priest (Elf:2)
  6 shock serpents
  13 deep elf knights
  2 hell knights (Vaults:4)
  A shadow wraith (Vaults:3)
  7 spriggans
  A salamander mystic (Snake:4)
  8 skeletal warriors
  2 fire crabs (shapeshifter)
  An iron troll (Orc:2)
  A wretched star (Abyss:3)
  4 goliath frogs
  10 swamp dragons
  4 sea snakes
  5 spriggan druids
  An unseen horror (D:14)
  17 deep trolls
  8 naga ritualists
  4 glowing orange brains
  2 bog bodies
  3 flayed ghosts
  3 wizards
  3 phantasmal warriors
  2 lindwurms (Lair:6)
  11 deep elf archers
  10 orc knights
  10 ironbrand convokers
  51 deep elf magi
  9 mana vipers
  5 necromancers
  27 ugly things
  4 orc sorcerers
  6 wolf spiders
  2 stone giant zombies
  7 cyclopes
  A manticore (D:12)
  4 will-o-the-wisps
  11 salamanders
  A rust devil (Depths:1)
  The ghost of XxsatanxX the Chopper, a novice DDFi of Makhleb (D:6)
  3 ice statues (IceCv)
  40 black mambas
  21 elephants
  A spriggan zombie (D:15)
  A black mamba (shapeshifter) (Vaults:2)
  11 vault sentinels
  16 guardian serpents
  5 torpor snails (Lair:6)
  A smoke demon (Abyss:3)
  3 gargoyles
  19 naga magi
  6 cane toads
  4 centaur skeletons
  3 kobold demonologists (D:15)
  3 rime drakes
  21 komodo dragons
  26 yaktaurs
  A tormentor (Abyss:3)
  A yaktaur zombie (D:15)
  9 freezing wraiths
  A komodo dragon (shapeshifter) (Vaults:4)
  2 efreet
  A silent spectre (Abyss:3)
  20 trolls
  13 polar bears
  A meliai (shapeshifter) (Vaults:2)
  A bloated husk (Swamp:1)
  2 guardian mummies (Vaults:2)
  11 hornets
  8 tyrant leeches
  2 raiju (shapeshifter)
  13 blink frogs
  10 raiju
  32 slime creatures
  2 stone giant simulacra
  23 dream sheep
  An alligator zombie (Abyss:3)
  An air elemental (Orc:2)
  3 shadows
  11 water elementals
  2 ynoxinuls (Abyss:3)
  A basilisk (shapeshifter) (Elf:1)
  2 fire bats
  A spriggan (shapeshifter) (Vaults:3)
  4 vampires
  5 wyverns (Volcano)
  2 fire elementals (Elf:2)
  4 steam dragons
  9 wraiths
  5 basilisks
  54 yaks
  A golden eye (shapeshifter) (Vaults:3)
  A human simulacrum (Vaults:3)
  A neqoxec (Gauntlet)
  2 golden eyes (Abyss:3)
  11 vampire mosquitoes
  4 chaos spawn
  13 wargs
  Edmund (D:5)
  16 swamp worms
  33 nagas
  An acid dragon (shapeshifter) (D:15)
  2 soldier ants
  2 acid dragons
  3 small abominations (Abyss:3)
  22 water moccasins
  15 hell hounds
  2 human skeletons
  12 ice beasts
  43 orc warriors
  A necrophage (D:14)
  2 ettin simulacra
  A hornet zombie (D:9)
  9 swamp drakes
  An eye of draining (D:10)
  5 sky beasts
  14 black bears
  2 phantoms
  2 starcursed masses (Abyss:3)
  16 wolves
  53 ogres
  20 centaurs
  3 boggarts (Depths:2)
  A big kobold (shapeshifter) (Vaults:3)
  5 big kobolds
  A human zombie (Vaults:2)
  An earth elemental (Elf:1)
  21 bullfrogs
  A glowing shapeshifter simulacrum (Depths:1)
  A wyvern zombie (D:13)
  4 scorpions
  2 tengu zombies
  19 wights
  An electric eel (D:9)
  7 howler monkeys
  A quasit (D:10)
  6 centaur zombies
  11 orc priests
  11 jellies
  22 orc wizards
  9 hounds
  Crazy Yiuf (D:2)
  5 bullfrog skeletons
  4 iguanas
  7 worker ants
  3 hound skeletons
  13 gnolls
  22 adders
  A shadow imp (D:6)
  4 white imps
  An ufetubus (Abyss:3)
  An adder zombie (D:5)
  2 oozes (Lair:5)
  An adder skeleton (D:4)
  2 worms (D:3)
  8 leopard geckos
  89 orcs
  6 giant cockroaches
  7 goblins
  9 hobgoblins
  19 jackals
  18 kobolds
  4 quokkas
  4 ball pythons
  3 bats
  2 frilled lizards
  A leopard gecko zombie (D:5)
  A quokka zombie (D:8)
  8 rats
1681 creatures vanquished.

Vanquished Creatures (collateral kills)
  the Lernaean hydra (Swamp:4)
  A naga warrior (Snake:4)
  A hydra (Lair:6)
  A dream sheep (Lair:6)
  A spriggan (Swamp:4)
  2 nagas (Snake:4)
7 creatures vanquished.

Vanquished Creatures (others)
  A frost giant (Depths:2)
  2 anacondas
  A shock serpent (Snake:4)
  An unseen horror (shapeshifter) (Vaults:2)
  An ugly thing (IceCv)
  3 black mambas
  A spriggan (Swamp:1)
  2 water elementals (Elf:1)
  4 wyverns (Volcano)
  A golden eye (shapeshifter) (Elf:1)
  A wolf (Lair:6)
  2 ogres
  A centaur (D:12)
  22 foxfires
  71 fungi
  182 plants
  4 starspawn tentacles (Abyss:3)
  9 withered plants
309 creatures vanquished.

Grand Total: 1997 creatures vanquished

Notes
Turn   | Place    | Note
-------+----------+-------------------------------------------
     0 | D:5      | runemasterragnar the Troll Delver began the quest for the
                  | Orb.
     0 | D:5      | Reached XP level 1. HP: 22/22 MP: 0/0
     4 | D:6      | Noticed a jelly
     4 | D:6      | Noticed a worker ant
     4 | D:6      | Noticed a bullfrog
     4 | D:6      | Noticed an orc wizard
     5 | D:6      | Noticed a bullfrog
    27 | D:6      | Noticed XxsatanxX's ghost (novice DDFi)
    30 | D:6      | Found a runed translucent door.
   109 | D:4      | Reached XP level 2. HP: 29/29 MP: 1/1
   158 | D:4      | Reached XP level 3. HP: 28/36 MP: 2/2
   172 | D:4      | Reached XP level 4. HP: 36/45 MP: 3/3
   255 | D:4      | Noticed an ogre
   260 | D:4      | Killed an ogre
   261 | D:4      | Reached XP level 5. HP: 35/53 MP: 4/4
   380 | D:4      | Noticed an ogre
   438 | D:4      | Reached XP level 6. HP: 10/62 MP: 5/5
   455 | D:4      | Found a shimmering blue altar of Sif Muna.
   455 | D:4      | Found a white marble altar of Elyvilon.
   455 | D:4      | Found a bloodstained altar of Trog.
   582 | D:4      | Found a basalt altar of Yredelemnul.
   595 | D:4      | Reached skill level 1 in Shields
   965 | D:5      | Noticed a sky beast
   973 | D:5      | Killed a sky beast
   974 | D:5      | Reached XP level 7. HP: 58/70 MP: 6/6
  1418 | D:5      | Found a runed translucent gate.
  1418 | D:5      | Found a runed translucent gate.
  1420 | D:5      | Noticed lawman0's ghost (weakling OgDe)
  1422 | D:5      | Found a runed translucent gate.
  1423 | D:5      | Identified the +9 whip "Fivatab" {chaos, rC++}
  1484 | D:5      | Noticed Edmund
  1513 | D:5      | Killed Edmund
  1514 | D:5      | Reached skill level 5 in Unarmed Combat
  1668 | D:3      | Reached XP level 8. HP: 71/79 MP: 7/7
  1710 | D:3      | Learned a level 1 spell: Pain
  1712 | D:3      | Learned a level 1 spell: Animate Skeleton
  1716 | D:3      | Learned a level 3 spell: Vampiric Draining
  2712 | D:2      | Found a runed translucent door.
  2713 | D:2      | Noticed Crazy Yiuf
  3088 | D:2      | Killed Crazy Yiuf
  3887 | D:3      | Reached skill level 5 in Fighting
  4234 | D:5      | Got a steaming robe
  4245 | D:5      | Identified the +4 robe "Wyssouhi" {+Blink rC- MP+9 Str-4}
                  | (You found it on level 5 of the Dungeon)
  4335 | D:5      | Reached skill level 5 in Dodging
  4436 | D:5      | Found an iron altar of Okawaru.
  4733 | D:6      | Reached XP level 9. HP: 56/88 MP: 8/8
  4878 | D:6      | Found a staircase to the Ecumenical Temple.
  5063 | Temple   | Entered the Ecumenical Temple
  5107 | Temple   | Became a worshipper of Vehumet
  5320 | D:6      | You fall into a shaft and drop 3 floors!
  5322 | D:9      | Noticed a troll
  5349 | D:9      | Killed a troll
  5584 | D:9      | Found a staircase to the Lair.
  5789 | D:9      | Found a staircase to the Orcish Mines.
  5808 | D:9      | Reached skill level 5 in Shields
  5845 | D:9      | Reached * piety under Vehumet
  5845 | D:9      | Offered knowledge of Foxfire by Vehumet.
  5999 | D:9      | Reached XP level 10. HP: 100/100 MP: 9/9
  6001 | D:9      | Learned a level 1 spell: Foxfire
  6634 | D:10     | Entered Level 10 of the Dungeon
  6800 | D:10     | Found a stormy altar of Qazlal.
  6830 | D:10     | Noticed a five-headed hydra
  6835 | D:10     | Noticed a six-headed hydra
  6938 | D:11     | Noticed a purple ugly thing
  6962 | D:11     | Killed a purple ugly thing
  7094 | D:11     | Noticed a gargoyle
  7197 | D:10     | Noticed a frost giant
  7290 | Lair:1   | Entered Level 1 of the Lair of Beasts
  7359 | Lair:1   | Reached ** piety under Vehumet
  7359 | Lair:1   | Offered knowledge of Searing Ray by Vehumet.
  7473 | Lair:1   | Noticed a black mamba
  7484 | Lair:1   | Killed a black mamba
  7586 | Lair:1   | You fall into a shaft and drop 1 floor!
  7614 | Lair:2   | Noticed a five-headed hydra
  7932 | Lair:2   | Noticed a black mamba
  7933 | Lair:2   | Found a staircase to the Snake Pit.
  8080 | Lair:2   | Reached XP level 11. HP: 107/110 MP: 10/10
  8189 | Lair:2   | Killed a five-headed hydra
  8633 | Lair:1   | Offered knowledge of Ignite Poison by Vehumet.
  8861 | Lair:1   | Reached *** piety under Vehumet
  9798 | Lair:2   | Learned a level 6 spell: Statue Form
  9891 | Lair:3   | Reached skill level 1 in Earth Magic
  9932 | Lair:3   | Reached skill level 1 in Transmutations
 10043 | Lair:3   | Reached skill level 10 in Unarmed Combat
 10146 | Lair:3   | Reached skill level 1 in Spellcasting
 10148 | Lair:3   | Reached skill level 2 in Transmutations
 10154 | Lair:3   | Reached XP level 12. HP: 51/122 MP: 12/12
 10156 | Lair:3   | Offered knowledge of Olgreb's Toxic Radiance by Vehumet.
 10387 | Lair:3   | Found a staircase to the Swamp.
 10862 | Lair:3   | Reached skill level 3 in Transmutations
 11581 | Lair:4   | Reached skill level 4 in Transmutations
 11701 | Lair:4   | Noticed a seven-headed hydra
 11708 | Lair:4   | Killed a seven-headed hydra
 11709 | Lair:4   | Reached skill level 5 in Earth Magic
 12163 | Lair:4   | Noticed a five-headed hydra
 12180 | Lair:5   | Noticed a catoblepas
 12196 | Lair:5   | Killed a catoblepas
 12362 | Lair:5   | Noticed a death yak
 12377 | Lair:5   | Killed a death yak
 12396 | Lair:5   | Reached **** piety under Vehumet
 12598 | Lair:5   | Reached skill level 5 in Transmutations
 12899 | Lair:5   | Offered knowledge of Fulminant Prism by Vehumet.
 13111 | Lair:5   | Noticed a death yak
 13146 | Lair:5   | Killed a death yak
 13474 | Lair:5   | Found a staircase to the Slime Pits.
 13847 | Lair:5   | Reached XP level 13. HP: 119/128 MP: 16/16
 14265 | Orc:1    | Entered Level 1 of the Orcish Mines
 14265 | Orc:1    | Noticed Harold
 14623 | D:10     | Gained mutation: You are weak. (Str -2) [potion of
                  | mutation]
 14623 | D:10     | Gained mutation: You are frail. (-10% HP) [potion of
                  | mutation]
 14623 | D:10     | Gained mutation: You are resistant to electric shocks.
                  | (rElec) [potion of mutation]
 14623 | D:10     | Gained mutation: You have large cloven feet. [potion of
                  | mutation]
 15154 | D:10     | Reached skill level 6 in Transmutations
 15196 | D:10     | Found a runed translucent door.
 15204 | D:11     | Noticed Erolcha
 15204 | D:11     | Paralysed by Erolcha for 7 turns
 15444 | D:12     | Found a flickering gateway to a bazaar.
 15453 | Bazaar   | Entered a bazaar
 15453 | Bazaar   | Found Laniu's Antique Weapon Emporium.
 15453 | Bazaar   | Found Eghuiv's Armour Shoppe.
 15453 | Bazaar   | Found Viba's Assorted Antiques.
 15455 | Bazaar   | Found Wimmy's Armour Boutique.
 15455 | Bazaar   | Found Juasch Tufaps's Magic Scroll Shoppe.
 15497 | Bazaar   | Bought a scroll of acquirement for 468 gold pieces
 15497 | Bazaar   | Acquired a +2 hat of see invisible
 15517 | Bazaar   | Bought a scroll of fear for 31 gold pieces
 15520 | Bazaar   | Bought a +2 cloak of preservation for 344 gold pieces
 15541 | Bazaar   | Bought a dented copper amulet for 110 gold pieces
 15550 | Bazaar   | Bought a scroll of identify for 18 gold pieces
 15598 | D:11     | Noticed Fannar
 15622 | D:11     | Killed Fannar
 15693 | D:11     | Killed Erolcha
 15947 | D:11     | Reached ***** piety under Vehumet
 15993 | D:11     | Offered knowledge of Yara's Violent Unravelling by Vehumet.
 16070 | D:11     | Noticed Josephine
 16223 | D:10     | Killed a frost giant
 16276 | D:10     | Reached skill level 7 in Transmutations
 16472 | D:9      | Killed Harold
 16607 | Orc:1    | Noticed an orc warlord
 17383 | D:13     | Reached XP level 14. HP: 110/123 MP: 19/19
 17732 | D:11     | Killed Josephine
 17887 | D:12     | Lost mutation: You are frail. (-10% HP) [potion of
                  | mutation]
 17887 | D:12     | Lost mutation: You have large cloven feet. [potion of
                  | mutation]
 17887 | D:12     | Gained mutation: You are somewhat resistant to further
                  | mutation. [potion of mutation]
 17927 | D:12     | Reached skill level 8 in Transmutations
 18520 | Orc:1    | Offered knowledge of Starburst by Vehumet.
 18595 | Orc:1    | Noticed an orc warlord
 18610 | Orc:1    | Killed an orc warlord
 18755 | Orc:1    | Reached skill level 10 in Earth Magic
 18774 | Orc:1    | Identified the Papyrus of Blistering Evil Arts
 19450 | Orc:2    | Entered Level 2 of the Orcish Mines
 19632 | Orc:1    | Found a roughly hewn altar of Beogh.
 20400 | Orc:2    | Reached skill level 5 in Spellcasting
 20773 | Orc:2    | Found a staircase to the Elven Halls.
 20783 | Orc:2    | Found Unegg's Distillery.
 20795 | Orc:2    | Found Hoom Guu's Weapon Emporium.
 20999 | Orc:2    | Offered knowledge of Conjure Ball Lightning by Vehumet.
 21003 | Orc:2    | Reached skill level 9 in Transmutations
 21841 | Orc:2    | Found Roef's Book Shoppe.
 21845 | Orc:2    | Found Vowkaf's Gadget Boutique.
 21926 | Orc:2    | Found Reimutt's Distillery.
 22109 | D:9      | Killed an orc warlord
 22297 | D:7      | Acquired 1203 gold pieces
 22935 | D:8      | Found an ancient bone altar of Kikubaaqudgha.
 22953 | D:8      | Noticed Erica
 22977 | D:8      | Killed Erica
 23459 | D:10     | Reached XP level 15. HP: 145/145 MP: 22/22
 23802 | D:10     | Noticed Zeldest's ghost (novice MiFi)
 24185 | D:12     | Offered knowledge of Lee's Rapid Deconstruction by Vehumet.
 24461 | D:13     | Reached skill level 1 in Necromancy
 24961 | D:14     | Found a shadowy altar of Dithmenos.
 25237 | D:14     | Reached skill level 10 in Transmutations
 25426 | D:14     | Lost mutation: You are somewhat resistant to further
                  | mutation. [mutagenic glow]
 25822 | D:14     | Found a gate to the Vaults.
 26220 | D:15     | Entered Level 15 of the Dungeon
 26253 | D:15     | Found a flickering gateway to a bazaar.
 26278 | D:15     | Noticed Nessos
 26289 | D:15     | Killed Nessos
 26292 | D:15     | Found a gate leading to a gauntlet.
 26299 | Bazaar   | Entered a bazaar
 26305 | Bazaar   | Found Jeogimneda's Antique Armour Shoppe.
 26306 | Bazaar   | Found Betenloepn's Distillery.
 26325 | Bazaar   | Bought a potion of heal wounds for 40 gold pieces
 26342 | Bazaar   | Found Daxtacaosu's Assorted Antiques.
 26342 | Bazaar   | Found Nawifuf's Assorted Antiques.
 26388 | Gauntlet | Entered a Gauntlet
 26388 | Gauntlet | Found a transporter.
 26392 | Gauntlet | Found a transporter.
 26393 | Gauntlet | Found a transporter.
 26411 | Gauntlet | Found a transporter.
 26414 | Gauntlet | Found a transporter.
 26421 | Gauntlet | Found a transporter.
 26437 | Gauntlet | Found a transporter.
 26445 | Gauntlet | Found a runed translucent door.
 26447 | Gauntlet | Found a transporter.
 26449 | Gauntlet | Found a runed translucent door.
 26457 | Gauntlet | Found a transporter.
 26471 | Gauntlet | Found a transporter.
 26480 | Gauntlet | Found the +3 crown of Dyrovepreva {rElec Int+2 SInv}
 26480 | Gauntlet | Found a transporter.
 26482 | Gauntlet | Found a transporter.
 26547 | Gauntlet | Found a transporter.
 26577 | Gauntlet | Got a smoking tin ring
 26655 | Gauntlet | Got a tattered robe
 26656 | Gauntlet | Identified the ring of Geff {Str+7 Int-3 Dex+6} (You found
                  | it in a Gauntlet)
 26657 | Gauntlet | Identified the +2 robe of Submission {*Slow rPois Will+
                  | SInv} (You found it in a Gauntlet)
 26762 | D:15     | Found a frozen archway.
 26766 | IceCv    | Entered an ice cave
 26807 | IceCv    | Got a shimmering spear
 26814 | IceCv    | Learned a level 5 spell: Lee's Rapid Deconstruction
 27129 | IceCv    | Found the +12 Vampire's Tooth {vamp}
 27373 | D:15     | Found a staircase to the Depths.
 27526 | D:15     | Reached skill level 5 in Necromancy
 27692 | D:15     | Noticed Jorgrun
 27710 | D:15     | Killed Jorgrun
 27852 | D:15     | Found a radiant altar of Vehumet.
 27858 | D:15     | Identified the cursed +0 spear "Ogrebane" {speed, Str+5}
                  | (You found it in an ice cave)
 28385 | Lair:6   | Entered Level 6 of the Lair of Beasts
 28433 | Lair:6   | Found a dark tunnel.
 28437 | Volcano  | Entered a volcano
 28535 | Volcano  | Offered knowledge of Lightning Bolt by Vehumet.
 28756 | Volcano  | Reached skill level 11 in Transmutations
 29345 | Lair:6   | Reached XP level 16. HP: 153/153 MP: 24/24
 30111 | Lair:6   | Found a blossoming altar of Fedhas.
 30260 | Lair:6   | Reached ****** piety under Vehumet
 30332 | Lair:6   | Found a runed translucent gate.
 30332 | Lair:6   | Found a runed translucent gate.
 30332 | Lair:6   | Found a runed translucent gate.
 30350 | Lair:6   | Noticed Gutyqen's ghost (journeyman TeMo)
 30351 | Lair:6   | Noticed canine's ghost (journeyman GnWn)
 30352 | Lair:6   | Noticed MolotovDodgeball's ghost (journeyman TrBr)
 30649 | Lair:6   | Found a runed translucent door.
 30677 | Lair:6   | Offered knowledge of Ozocubu's Refrigeration by Vehumet.
 31131 | Lair:6   | Noticed Rexfelis's ghost (journeyman MiBe)
 31343 | Orc:2    | Reached skill level 12 in Transmutations
 31371 | Elf:1    | Entered Level 1 of the Elven Halls
 31468 | Elf:1    | Found Qerojoep's General Store.
 32540 | Elf:2    | Found a runed translucent gate.
 32540 | Elf:2    | Found a runed translucent gate.
 32544 | Elf:2    | Found a runed translucent gate.
 32692 | Elf:2    | Found Diufuschaewo's Book Shop.
 32778 | Elf:2    | Found Omeeth's Antique Weapon Emporium.
 32912 | Elf:2    | Reached XP level 17. HP: 161/161 MP: 27/27
 33535 | Elf:2    | Offered knowledge of Chain Lightning by Vehumet.
 33921 | Elf:2    | Noticed a deep elf blademaster
 33932 | Elf:2    | Cast into level 3 of the Abyss (+0 halberd of distortion)
 33932 | Abyss:3  | Found a corrupted altar of Lugonu.
 34018 | Abyss:3  | Noticed a bone dragon
 34029 | Abyss:3  | Killed a bone dragon
 34172 | Abyss:3  | Paralysed by accursed screaming for 1 turns
 34176 | Abyss:3  | Paralysed by accursed screaming for 1 turns
 34318 | Abyss:3  | Reached skill level 13 in Transmutations
 34377 | Abyss:3  | Noticed a hellephant
 34465 | Abyss:3  | Paralysed by accursed screaming for 1 turns
 34468 | Abyss:3  | Paralysed by accursed screaming for 2 turns
 34576 | Elf:2    | Escaped the Abyss
 34586 | Elf:2    | Killed a deep elf blademaster
 34920 | Elf:3    | Entered Level 3 of the Elven Halls
 35382 | Snake:1  | Entered Level 1 of the Snake Pit
 35393 | Lair:2   | Offered knowledge of Lehudib's Crystal Spear by Vehumet.
 35393 | Lair:2   | Offered knowledge of Shatter by Vehumet.
 35393 | Lair:2   | Offered knowledge of Ignition by Vehumet.
 35633 | Snake:1  | Found a burning altar of Makhleb.
 36140 | Snake:1  | Reached XP level 18. HP: 174/174 MP: 28/28
 36263 | Snake:1  | Learned a level 4 spell: Animate Dead
 36292 | Snake:1  | Reached skill level 14 in Transmutations
 36466 | Snake:2  | Noticed Nikola
 36482 | Snake:2  | Killed Nikola
 36512 | Snake:2  | Reached skill level 10 in Fighting
 36863 | Snake:2  | Reached skill level 10 in Necromancy
 37113 | Snake:2  | Found a hazy altar of Hepliaklqana.
 37626 | Snake:3  | Noticed Vashnia
 37632 | Snake:4  | Entered Level 4 of the Snake Pit
 39327 | Snake:4  | Reached skill level 15 in Transmutations
 39968 | D:6      | Killed XxsatanxX's ghost
 40108 | Orc:2    | Bought a potion of haste for 120 gold pieces
 40108 | Orc:2    | Bought a potion of heal wounds for 60 gold pieces
 40138 | Elf:1    | Bought 2 potions of heal wounds for 140 gold pieces
 40138 | Elf:1    | Bought a scroll of teleportation for 42 gold pieces
 40138 | Elf:1    | Bought a potion of haste for 140 gold pieces
 40138 | Elf:1    | Bought a potion of curing for 42 gold pieces
 40138 | Elf:1    | Bought a scroll of identify for 28 gold pieces
 40146 | Elf:1    | Learned a level 7 spell: Dragon Form
 40383 | Depths:1 | Entered Level 1 of the Depths
 40434 | Depths:1 | Noticed Mara
 40446 | Depths:1 | Noticed runemasterragnar's illusion
 40845 | Depths:1 | Found a gateway to Hell.
 40852 | Depths:1 | Reached XP level 19. HP: 185/185 MP: 29/29
 41200 | Depths:1 | Noticed runemasterragnar's illusion
 41208 | Depths:1 | Killed Mara
 41345 | Depths:1 | Found Voritiom's Jewellery Boutique.
 41353 | Depths:1 | Found Sinaupt's Gadget Emporium.
 41354 | Depths:1 | Found Adievir's Jewellery Boutique.
 41368 | Depths:1 | Bought the ring of Enneoqizi {rC+++ rN+ Will+ Dex-3 Stlth+}
                  | for 1557 gold pieces
 42040 | Depths:2 | Found a gateway to a ziggurat.
 42766 | Lair:6   | Killed Rexfelis's ghost
 42776 | Lair:6   | Killed MolotovDodgeball's ghost
 43059 | Lair:6   | Killed Gutyqen's ghost
 43150 | Lair:6   | Killed canine's ghost
 43230 | Swamp:1  | Entered Level 1 of the Swamp
 43312 | Swamp:1  | Noticed Roxanne
 43328 | Swamp:1  | Killed Roxanne
 44077 | Swamp:2  | Noticed Aizul
 44088 | Swamp:2  | Killed Aizul
 44249 | Swamp:2  | Learned a level 4 spell: Dispel Undead
 44446 | Swamp:2  | Reached skill level 16 in Transmutations
 44849 | Swamp:3  | Found a hide-covered altar of Uskayaw.
 45154 | Swamp:4  | Entered Level 4 of the Swamp
 45160 | Swamp:3  | Learned a level 1 spell: Apportation
 45622 | Swamp:4  | Noticed the 27-headed Lernaean hydra
 45765 | Swamp:3  | Noticed Bai Suzhen
 45780 | Swamp:3  | Killed Bai Suzhen
 45781 | Swamp:3  | Reached XP level 20. HP: 184/198 MP: 26/30
 45920 | Swamp:4  | Killed the 27-headed Lernaean hydra
 46040 | Swamp:4  | Got a decaying rune of Zot
 46395 | Vaults:1 | Entered Level 1 of the Vaults
 46427 | Vaults:1 | Found Emuaff's Armour Boutique.
 47249 | Vaults:1 | Found Rudaoha's Book Shoppe.
 47262 | Vaults:1 | Found Wailum's Assorted Antiques.
 47288 | Vaults:1 | Bought a scroll of teleportation for 75 gold pieces
 47583 | Vaults:1 | Found Puczysos's Jewellery Shoppe.
 48417 | Vaults:1 | Reached skill level 17 in Transmutations
 49024 | Vaults:2 | Found Zagud's Antique Weapon Shop.
 50382 | Vaults:2 | Found Sanwot Wemi's Antique Armour Shop.
 50461 | Vaults:2 | Found a portal to a secret trove of treasure.
 50594 | Vaults:3 | Reached XP level 21. HP: 210/210 MP: 31/31
 51665 | Vaults:3 | Identified the ring of the Solstice {Ice rElec Str+5 SInv}
 51668 | Vaults:3 | Found a runed translucent gate.
 51668 | Vaults:3 | Found a runed translucent gate.
 51668 | Vaults:3 | Found a runed translucent gate.
 51668 | Vaults:3 | Noticed Xafer's ghost (adept DsGl)
 52075 | Vaults:3 | Acquired 885 gold pieces
 52293 | Vaults:3 | Found Qicus's Weapon Boutique.
 52447 | Vaults:3 | Found a staircase to the Crypt.
 52739 | Vaults:3 | Reached skill level 18 in Transmutations
 52970 | Vaults:3 | You fall into a shaft and drop 1 floor!
 53275 | Vaults:4 | Got a coiled lead ring
 53989 | Vaults:4 | HP: 9/276 [ettin/+0 dire flail (21)]
 53990 | Vaults:4 | Slain by an ettin

Illustrated notes

Levels and vault maps discovered:
D:1:      ebering_trefoil_3fold, layout_basic, kennysheep_pointless_box
D:2:      layout_basic, uniq_crazy_yiuf_cottage
D:3:      layout_basic
D:4:      layout_basic, general_overflow_altar, gammafunk_temple_overflow_claw,
          minmay_misc_feat_nine_boxes, hangedman_minor_gate_pass
D:5:      layout_cave_pools, okawaru_altar_gauntlet_db,
          gammafunk_ghost_nasty_kobolds, uniq_edmund
D:6:      layout_rooms, minmay_temple_entry_poolview,
          hellmonk_ghost_happy_afterlife, serial_aquarium,
          aquarium_bridge_square [aquarium_subvault_bridge,
          aquarium_subvault_wall, aquarium_subvault_balcony,
          aquarium_subvault_bridge], aquarium_bridge_long_separate
          [aquarium_subvault_bridge, aquarium_subvault_bridge,
          aquarium_subvault_wall, aquarium_subvault_bridge,
          aquarium_subvault_bridge, aquarium_subvault_wall], aquarium_window_2,
          aquarium_window_corridor_1, aquarium_window_corner, aquarium_window_1,
          aquarium_view_2e
D:7:      layout_basic, minmay_statues_item, lemuel_flame_loot_1
D:8:      layout_rooms, nicolae_overflow_crystal_walls, uniq_erica
D:9:      layout_irregular_city, erik_lair_island, erik_orc_3
D:10:     minmay_the_grid_square_5x5_4x4 [minmay_the_grid_square_5x5_meh,
          minmay_the_grid_square_5x5_empty,
          minmay_the_grid_square_5x5_almost_minimal,
          minmay_the_grid_square_5x5_shrine1,
          minmay_the_grid_square_5x5_three_small,
          minmay_the_grid_square_5x5_prize_deathbox,
          minmay_the_grid_square_5x5_prize_pseudospiral,
          minmay_the_grid_square_5x5_three_walls,
          minmay_the_grid_square_5x5_shuriken,
          minmay_the_grid_square_5x5_prize_monsterx,
          minmay_the_grid_square_5x5_prize_gold,
          minmay_the_grid_square_5x5_tetrominoes,
          minmay_the_grid_square_5x5_eight, minmay_the_grid_square_5x5_inner_z,
          minmay_the_grid_square_5x5_spiral, minmay_the_grid_square_5x5_forky],
          layout_basic, ebering_ghost_reflecting_pool,
          nicolae_qazlal_eye_of_the_storm
D:11:     layout_long_grid, uniq_erolcha, uniq_josephine, uniq_fannar
D:12:     layout_rooms, serial_shops, bzr_entry_islet
D:13:     layout_grid_maze
D:14:     layout_loops_ring, david_vaults_1, grunt_dithmenos_smoke_and_mirrors
D:15:     gammafunk_depths_entry_grave, layout_loops_ring, lemuel_doored_altar,
          gauntlet_entry_generic, portal_ice_cave_entry_pillars_1, serial_shops,
          bzr_entry_water, drop_trap, st_stairs_10, uniq_jorgrun, uniq_nessos
Temple:   regret_index_temple_sphere_string
Lair:1:   layout_cave_pods
Lair:2:   layout_cave_pods, minmay_snake_entry_six_corridors
Lair:3:   layout_chaotic_city, skrybe_swamp_entry_bodies
Lair:4:   layout_loops_ring
Lair:5:   nzn_winding_woodlands_three_and_one [nzn_winding_woodlands_5x15_twine,
          nzn_winding_woodlands_5x15_jagged,
          nzn_winding_woodlands_5x15_sawtooth,
          nzn_winding_woodlands_center_garden], layout_cave_pods,
          nicolae_slime_entry_slimehenge
Lair:6:   hangedman_lair_caniforms_friends, layout_gridlike, wormcave,
          gammafunk_ghost_cemetery, basic_altar, nicolae_volcano_entry_lava_flow
Swamp:1:  layout_falls_marsh, evilmike_swamp_ruin_house_2, swamp_pool1,
          infiniplex_staircase_pool, uniq_roxanne
Swamp:2:  layout_falls_marsh, hangedman_swamp_ruin_wall, uniq_aizul
Swamp:3:  layout_basic_swamp, basic_altar, swamp_pool5, uniq_bai_suzhen
Swamp:4:  swamp_old_school, layout_basic_swamp, swamp_pool2
Snake:1:  layout_misc_corridors, basic_altar
Snake:2:  layout_cave_shapes, basic_altar, uniq_nikola
Snake:3:  nicolae_sea_snake_s, layout_misc_corridors, uniq_vashnia
Snake:4:  grunt_snake_rune_serpentine_throne, layout_concentric_octagons,
          hangedman_venom_bottle
Orc:1:    layout_caves, basic_altar, minmay_orc_treasury, uniq_harold
Orc:2:    st_orc_open, layout_diamond_mine, serial_shops, shop
Elf:1:    minmay_elf_arrival_circle, layout_geoelf_grid, serial_shops, shop,
          minivault_28
Elf:2:    layout_geoelf_octagon, serial_shops, nicolae_shop_window_shopping,
          shop, amcnicky_mini_corridor_feature
Elf:3:    elf_hall, layout_geoelf_octagon, tgw_sif
Vaults:1: ontoclasm_vaults_pinch, v_pattern_5, v_misc_13,
          nicolae_vaults_little_ls, vaults_room_fours, vaults_mumra_hexcomb,
          v_rooms_1, grunt_vaults_funnel, vaults_mumra_minichess_inversion,
          layout_vaults_chaotic_city, serial_shops, shop, shop, shop, shop
Vaults:2: vaults_room_mumra_shop_pool, vaults_room_fours,
          nicolae_vaults_asterisk, ontoclasm_vaults_misaligned, v_misc_27,
          hangedman_vaults_corner_blocks, hangedman_vaults_snaps, v_rooms_5,
          vaults_room_hallway, vaults_dpeg_encased_lava, layout_vaults_ring,
          serial_shops, shop, nicolae_trove_entry_path_of_doom
Vaults:3: gammafunk_vaults_ghost_split, v_misc_29,
          nicolae_vaults_yaktaur_gun_rack, minmay_crypt_entry_simple_walls,
          st_quartered_hall, vaults_room_ringed_pool, hangedman_vaults_slither,
          nicolae_vaults_gold_heap, ontoclasm_vaults_chip,
          nicolae_vaults_stairing_the_circle, nicolae_vaults_border_crossing,
          v_alt_pattern_1, layout_vaults_omnibox, serial_shops, shop_statue
Vaults:4: nicolae_vaults_network_quincunx
          [nicolae_vaults_network_quincunx_subvault,
          nicolae_vaults_network_quincunx_subvault,
          nicolae_vaults_network_quincunx_subvault,
          nicolae_vaults_network_quincunx_subvault,
          nicolae_vaults_network_quincunx_subvault], v_misc_1,
          hangedman_vaults_restitches, hangedman_vaults_stream,
          vaults_room_pool, v_rooms_2, nicolae_vaults_specimen_jars,
          vaults_room_door_hall, serial_ice_h, vaults_room_fancy_cross,
          vaults_room_hangedman_quadrants, layout_vaults_maze_snakey,
          uniq_margery
Depths:1: layout_small_grid, hangedman_abyss_or_decor_slice,
          grunt_mini_vestibule, nrook_pool_corridor, fountainhead,
          minmay_microvault, minmay_shop_grove, uniq_mara
Depths:2: lemuel_troll_bridge, layout_basic, enter_ziggurat_d, hell_entry,
          minmay_misc_feat_rows, drop_trap

Skill      XL: |  1  2  3  4  5  6  7  8  9 10 11 12 13 14 15 16 17 18 19 20 21 |
---------------+----------------------------------------------------------------+-----
Stealth        | 3 |  3.0
Dodging        | 2 3 4 5 6 7 8 9 |  9.2
Fighting       | 3 4 5 6 7 8 9 11 12 13 | 13.9
Unarmed Combat | 3 4 5 6 7 8 10 | 10.9
Shields        | 1 2 4 5 6 7 8 |  8.6
Earth Magic    | 2 6 9 11 | 11.4
Transmutations | 2 5 7 9 11 12 13 15 16 17 18 | 18.0
Spellcasting   | 1 3 4 5 6 7 |  7.6
Necromancy     | 6 9 11 12 13 | 13.3

Action                   |  1- 3 |  4- 6 |  7- 9 | 10-12 | 13-15 | 16-18 | 19-21 || total
-------------------------+-------+-------+-------+-------+-------+-------+-------++-------
Melee: Unarmed           |    35 |    81 |   498 |   737 |  1929 |  1529 |  1404 ||  6213
       Kick              |       |       |       |       |   189 |       |       ||   189
       Staff             |       |       |       |       |     9 |       |       ||     9
       Tailslap          |       |       |       |       |       |       |    61 ||    61
       Bite              |       |       |       |       |       |       |    48 ||    48
       Punch             |       |       |       |       |       |       |    17 ||    17
Throw: Dart              |       |       |    21 |    76 |     8 |       |       ||   105
       Large rock        |       |       |       |       |    48 |   121 |    14 ||   183
       Javelin           |       |       |       |       |    20 |    15 |    10 ||    45
 Cast: Statue Form       |       |       |       |       |    33 |   120 |    69 ||   222
       Animate Dead      |       |       |       |       |       |     6 |       ||     6
       Dragon Form       |       |       |       |       |       |       |    49 ||    49
       Lee's Rapid Decon |       |       |       |       |       |       |     9 ||     9
 Abil: Breathe Fire      |       |       |       |       |       |       |    16 ||    16
Evoke: Wand              |       |     4 |     5 |    42 |    33 |    30 |     9 ||   123
       Tin of tremorston |       |       |       |       |     3 |     4 |     8 ||    15
       Phantom mirror    |       |       |       |       |       |       |     1 ||     1
  Use: Scroll            |     1 |     3 |     4 |     5 |    39 |    21 |    18 ||    91
       Potion            |     1 |       |       |     1 |    14 |    17 |     9 ||    42
 Stab: Paralysed         |       |     8 |     9 |       |       |       |       ||    17
       Sleeping          |       |       |    12 |     5 |     8 |     3 |     3 ||    31
       Distracted        |       |       |     1 |     2 |     1 |       |       ||     4
Armor: Robe              |     9 |    26 |   158 |   188 |   135 |   165 |    16 ||   697
       Skin              |       |       |       |     5 |   273 |  1541 |   992 ||  2811
       Steam dragon scal |       |       |       |       |   243 |       |       ||   243
Dodge: Dodged            |    16 |    16 |   174 |   270 |  1225 |  1466 |   746 ||  3913
Block: Kite shield       |       |    15 |   209 |   284 |  1079 |  1433 |   715 ||  3735
